 Dungeon Sprint DCSS version 0.29.1-2-gbd0b4ee654 (webtiles) character file.

Game seed: 10645579982550747268

19 Groucho the Sneak (level 2, -9/13 HPs)
             Began as a Spriggan Enchanter on Nov 4, 2022.
             Was an Initiate of Gozag.
             Killed from afar by Ijyb (18 damage)
             ... with a bolt of light
             ... in the Dungeon (Sprint VII: "The Pits").
             The game lasted 00:02:10 (418 turns).

Groucho the Sneak (Spriggan Enchanter)               Turns: 418, Time: 00:02:11

Health: -9/13      AC:  2    Str:  4    XL:     2   Next: 55%
Magic:  8/8        EV: 17    Int: 16    God:    Gozag
Gold:   189        SH:  0    Dex: 15    Spells: 9/9 levels left

rFire   . . .      SeeInvis +   e - +2 dagger
rCold   . . .      Faith    .   (no shield)
rNeg    . . .      Spirit   .   b - +0 robe
rPois   .          Reflect  .   (helmet restricted)
rElec   .          Harm     .   (no cloak)
rCorr   .          Rampage  .   (gloves unavailable)
Will    .....      NoTele   +   (boots unavailable)
Stlth   ++........              (no amulet)
HPRegen 0.04/turn               (no ring)
MPRegen 0.11/turn               (no ring)

@: confused, gold aura, invisible, very quick
A: very small, no large weapons, unfitting armour, see invisible, speed 3
a: Renounce Religion, Potion Petition, Call Merchant, Bribe Branch


You were in the Dungeon.
You worshipped Gozag.
Gozag was aware of your devotion.
You visited 1 branch You collected 189 gold pieces.

Inventory:

Hand Weapons
 e - a +2 dagger (weapon)
Missiles
 a - 10 stones (quivered)
Armour
 b - a +0 robe (worn)
Scrolls
 i - a scroll of blinking
 j - 5 scrolls of amnesia
 k - a scroll of summoning
Potions
 c - 3 potions of invisibility
 f - a potion of haste
 g - 4 potions of magic
 h - 3 potions of berserk rage


   Skills:
 - Level 1.1 Short Blades
 - Level 2.6 Dodging
 * Level 7.3 Stealth
 + Level 4.1 Spellcasting
 + Level 4.8 Hexes


You had 9 spell levels left.
You didn't know any spells.
Your spell library contained the following spells:

 Spells                   Type           Power      Damage    Failure   Level
 Confusing Touch          Hex            18%        N/A       7%          3
 Tukima's Dance           Hex            18%        N/A       7%          3
 Ensorcelled Hibernation  Hex/Ice        22%        N/A       10%         2
 Dazzling Flash           Conj/Hex       22%        N/A       19%         3


Dungeon Overview and Level Annotations

Branches:
Dungeon (1/1)

Altars:
Ashenzari
Cheibriados
Dithmenos
Elyvilon
Fedhas
Gozag
Hepliaklqana
Kikubaaqudgha
Makhleb
Nemelex Xobeh
Okawaru
Qazlal
Ru
Sif Muna
Trog
Uskayaw
Vehumet
Wu Jian
Xom
Yredelemnul
Zin
The Shining One
Jiyva
Lugonu

Annotations:
D Ijyb


Innate Abilities, Weirdness & Mutations

You are very small and have problems with some larger weapons.
You are too small for most types of armour.
You have supernaturally acute eyesight. (SInv)
You cover ground extremely quickly. (Speed+++)


Message History

The goblin closely misses you. The hobgoblin misses you.
Unknown command.
Unknown command.
You hit the goblin.
You kill the goblin!
The hobgoblin closely misses you. The hobgoblin closely misses you.
Things that are here:
54 gold pieces; a +0 dagger Unknown command.
You closely miss the hobgoblin. The hobgoblin completely misses you.
You closely miss the hobgoblin.
Ijyb is distracted by your dazzling golden aura.
The hobgoblin misses you.
You barely miss the hobgoblin.
Ijyb is no longer distracted by gold.
The hobgoblin misses you.
You barely miss the hobgoblin. The hobgoblin barely misses you.
Ijyb misses you.
There is an open door here.
Ijyb zaps a wand.
The bolt of light misses you.
Ijyb zaps a wand.
The bolt of light hits you!
You are confused.
Ouch! That really hurt!
* * * LOW HITPOINT WARNING * * *
There is an open door here.
You bump into the metal wall.
You feel better.
You fade into invisibility!
The hobgoblin barely misses you.
You hit the hobgoblin.
You kill the hobgoblin!
No target in view!
No target in view!
No target in view!
No target in view!
Ijyb zaps a wand.
The bolt of light hits you!!
You are confused.
Ouch! That really hurt!
You die...
Your body crumbles into a pile of gold.

#_________.#
#_______...###########++
##########'##...........
#.?..')))'.##......#..#
##########.##..........
#..........†'...........
+#####'#####......#..#.
#.....##...........
#####@#####'#####+
#...g.##.......#
#.....##.......#
###'####.......#
#....$##...<...#
#........##.......#
#..J.....##.......#
###########.......#
#########


You could see Ijyb (unable to see you) and an endoplasm (asleep).

Vanquished Creatures
  A river rat (D)
  An endoplasm (D)
  A giant cockroach (D)
  A goblin (D)
  A hobgoblin (D)
  3 jackals (D)
  A ball python (D)
9 creatures vanquished.

Notes
Turn   | Place    | Note
-------+----------+-------------------------------------------
     0 | D        | Groucho the Spriggan Enchanter began the quest for the Orb.
     0 | D        | Reached XP level 1. HP: 9/9 MP: 5/5
    16 | D        | Reached skill level 5 in Stealth
   164 | D        | Found a bloodstained altar of Trog.
   164 | D        | Found a shimmering blue altar of Sif Muna.
   164 | D        | Found a viscous altar of Jiyva.
   164 | D        | Found a hazy altar of Hepliaklqana.
   164 | D        | Found an opulent altar of Gozag.
   165 | D        | Found a glowing golden altar of the Shining One.
   165 | D        | Found a glowing silver altar of Zin.
   165 | D        | Found a basalt altar of Yredelemnul.
   165 | D        | Found a shimmering altar of Xom.
   165 | D        | Found an ornate altar of the Wu Jian Council.
   165 | D        | Found a sacrificial altar of Ru.
   165 | D        | Found a stormy altar of Qazlal.
   165 | D        | Found an iron altar of Okawaru.
   165 | D        | Found a sparkling altar of Nemelex Xobeh.
   165 | D        | Found a burning altar of Makhleb.
   165 | D        | Found a blossoming altar of Fedhas.
   165 | D        | Found a white marble altar of Elyvilon.
   165 | D        | Found a shadowy altar of Dithmenos.
   165 | D        | Found a snail-covered altar of Cheibriados.
   167 | D        | Found a radiant altar of Vehumet.
   167 | D        | Found a corrupted altar of Lugonu.
   168 | D        | Found a hide-covered altar of Uskayaw.
   168 | D        | Found an ancient bone altar of Kikubaaqudgha.
   168 | D        | Found a broken altar of Ashenzari.
   172 | D        | Became a worshipper of Gozag Ym Sagoz the Greedy
   187 | D        | Reached skill level 6 in Stealth
   187 | D        | Reached XP level 2. HP: 13/13 MP: 5/7
   387 | D        | Reached skill level 7 in Stealth
   397 | D        | Noticed Ijyb
   418 | D        | Killed from afar by Ijyb

Illustrated notes

Levels and vault maps discovered:
D:        pitsprint [storerooms_1, entrance_room_1, metal_vault_5, armoury_3,
          mini_pit_1, grid_room_1, main_hall_1, silver_pit, the_coven_3,
          the_vestibule_1, steel_vault_3, golden_pit, hallway_of_sentries,
          crystal_vault_3, iron_vault_3, final_vault]

Skill      XL: |  1  2 |
---------------+-------+-----
Stealth        | 6 7 |  7.3
Spellcasting   | 3 4 |  4.1
Hexes          | 4 |  4.8
Short Blades   | |  1.1
Dodging        | |  2.6

Action                   || total
-------------------------++-------
Melee: Dagger            ||    29
  Use: Potion            ||     3
 Stab: Sleeping          ||     3
Armor: Robe              ||     2
Dodge: Dodged            ||    28
